 Dungeon Crawl Stone Soup version 0.31-a0-986-g5e6e4ef867 (webtiles) character file.

Game seed: 9302974808537067155

3058 pokeman the Thaumaturge (level 9, 0/52 HPs)
             Began as a Deep Elf Hedge Wizard on Nov 16, 2023.
             Was a Follower of Vehumet.
             Slain by a two-headed ogre
             ... wielding a +0 giant spiked club
              (7 damage)
             ... on level 8 of the Dungeon.
             The game lasted 00:23:51 (9685 turns).

pokeman the Thaumaturge (Deep Elf Hedge Wizard)     Turns: 9685, Time: 00:23:52

Health: 0/52       AC:  6    Str:  7    XL:     9   Next: 57%
Magic:  2/26       EV: 28    Int: 24    God:    Vehumet [*.....]
Gold:   174        SH:  0    Dex: 14    Spells: 3/31 levels left

rFire   . . .        v - +2 dagger (venom)
rCold   . . .        (no shield)
rNeg    . . .        b - +0 robe
rPois   .            n - +1 helmet
rElec   .            K - +0 cloak
rCorr   .            (no gloves)
SInv    .            P - +0 pair of boots
Will    .....        z - amulet of the acrobat
Stlth   ++           a - ring of wizardry
HPRegen 0.28/turn    (no ring)
MPRegen 0.20/turn

%: acrobat, wizardry (x1)
@: acrobatic
A: no striking features
a: Renounce Religion


You were on level 8 of the Dungeon.
You worshipped Vehumet.
Vehumet was aware of your devotion.
You visited 2 branches of the dungeon, and saw 9 of its levels.
You also visited: Sewer.

You collected 418 gold pieces.
You spent 244 gold pieces at shops.

Inventory:

Hand Weapons
 t - a +1 dagger of pain
 v - a +2 dagger of venom (weapon)
Missiles
 j - a throwing net
 N - a curare-tipped dart
Armour
 b - a +0 robe (worn)
 n - a +1 helmet (worn)
 K - a +0 cloak (worn)
 P - a +0 pair of boots (worn)
Jewellery
 a - a ring of wizardry (left hand)
 i - an amulet of faith
 k - a ring of fire
 z - an amulet of the acrobat (around neck)
Wands
 F - a wand of mindburst (8)
 I - a wand of digging (9)
 O - a wand of flame (19)
Scrolls
 c - 2 scrolls of teleportation
 e - 4 scrolls of poison {unknown}
 f - 8 scrolls of identify
 g - 3 scrolls of revelation
 m - a scroll of enchant weapon {unknown}
 q - 2 scrolls of vulnerability {unknown}
 r - 3 scrolls of enchant armour {unknown}
 s - a scroll of amnesia {unknown}
 u - a scroll of immolation {unknown}
 w - a scroll of torment {unknown}
 y - a scroll of blinking
 D - a scroll of brand weapon {unknown}
 G - 2 scrolls of fog {unknown}
 J - a scroll of fear {unknown}
Potions
 d - 4 potions of magic
 h - a potion of resistance {unknown}
 l - 2 potions of invisibility {unknown}
 o - 3 potions of heal wounds {unknown}
 p - 2 potions of cancellation {unknown}
 x - a potion of might {unknown}
 A - a potion of haste {unknown}
 B - 3 potions of curing {unknown}
 C - 2 potions of lignification {unknown}
 E - a potion of mutation {unknown}
 H - a potion of enlightenment {unknown}
 L - a potion of ambrosia {unknown}
 M - a potion of degeneration {unknown}


   Skills:
 + Level 4.1 Fighting
 - Level 1.0 Armour
 - Level 4.0 Dodging
 - Level 3.0 Stealth
 * Level 11.8 Spellcasting
 + Level 6.4 Conjurations
 - Level 1.1 Summonings
 - Level 5.0 Necromancy
 - Level 1.1 Translocations
 + Level 1.9 Fire Magic
 - Level 1.0 Ice Magic
 - Level 2.0 Air Magic
 - Level 1.0 Poison Magic
 - Level 1.2 Evocations


You had 3 spell levels left.
You knew the following spells:

 Your Spells              Type           Power      Damage    Failure   Level
a - Magic Dart            Conj           100%       1d8       1%          1
b - Mephitic Cloud        Conj/Pois/Air  29%        N/A       1%          3
c - Call Imp              Summ           38%        N/A       1%          2
d - Blink                 Tloc           38%        N/A       1%          2
e - Flame Wave            Conj/Fire      34%        2d10      3%          4
f - Iskenderun's Mystic   Conj/Tloc      32%        2d8       4%          4
g - Freezing Cloud        Conj/Ice/Air   14%        6-21      13%         5
h - Orb of Destruction    Conj           22%        9d8       67%         7

Your spell library contained the following spells:

 Spells                   Type           Power      Damage    Failure   Level
 Sandblast                Erth           28%        2d8       1%          1
 Slow                     Hex            56%        N/A       1%          1
 Sting                    Tmut/Pois      64%        1d6       1%          1
 Cigotuvi's Dreadful Rot  Necr/Pois/Air  54%        N/A       1%          2
 Poisonous Vapours        Pois/Air       42%        N/A       1%          2
 Scorch                   Fire           46%        2d6       1%          2
 Volatile Blastmotes      Fire/Tloc      42%        2d13      2%          3
 Call Canine Familiar     Summ           19%        N/A       3%          3
 Summon Guardian Golem    Hex/Summ       16%        N/A       4%          3
 Sigil of Binding         Hex            14%        N/A       5%          3
 Fulminant Prism          Conj/Hex       14%        3d8       4%          4
 Manifold Assault         Tloc           19%        N/A       12%         4
 Olgreb's Toxic Radiance  Pois           18%        N/A       12%         4
 Dimensional Bullseye     Hex/Tloc       8%         N/A       14%         4
 Leda's Liquefaction      Hex/Erth       7%         N/A       17%         4
 Summon Cactus Giant      Summ           9%         N/A       83%         6
 Spellforged Servitor     Conj/Summ      16%        N/A       95%         7


Dungeon Overview and Level Annotations

Branches:
Dungeon (8/15)             Temple (1/1) D:5           Sewer (visited)
   Lair: D:8-11

Altars:
Ashenzari
Cheibriados
Dithmenos
Elyvilon
Fedhas
Gozag
Hepliaklqana
Kikubaaqudgha
Makhleb
Nemelex Xobeh
Okawaru
Qazlal
Ru
Sif Muna
Trog
Uskayaw
Vehumet
Wu Jian
Xom
Yredelemnul
Zin
The Shining One

Shops:
D:3 !   D:4 [:??:   D:5 (


Message History

Casting: Blink (safe; 1% risk of failure)
Confirm with . or Enter, or press ? or * to list all spells.
Aiming: Mephitic Cloud (safe; 1% risk of failure)
Press: ? - help, Shift-Dir - straight line, f/p - two-headed ogre
Aim: a two-headed ogre, wielding a +0 giant spiked club and a +0 dire flail (heavily wounded, chance to affect: 53%)
The ball explodes into a vile cloud!
The stinking cloud engulfs the two-headed ogre but does no damage.
The two-headed ogre is heavily wounded.
The two-headed ogre is engulfed in noxious fumes.
Unknown command.
The two-headed ogre is engulfed in noxious fumes.
The two-headed ogre closely misses you. The two-headed ogre barely misses you.
You feel ready to blink again.
Casting: Mephitic Cloud (safe; 1% risk of failure)
Confirm with . or Enter, or press ? or * to list all spells.
You blink.
Casting: Blink (safe; 1% risk of failure)
Confirm with . or Enter, or press ? or * to list all spells.
You don't have enough magic to cast this spell.
Unknown command.
Okay, then.
Unknown command.
Unknown command.
You feel ready to blink again. The two-headed ogre misses you.
The two-headed ogre completely misses you.
Unknown command.
Casting: Blink (safe; 1% risk of failure)
Confirm with . or Enter, or press ? or * to list all spells.
You blink.
Okay, then.
Unknown command.
Unknown command.
Unknown command.
The two-headed ogre attacks as it pursues you!
The two-headed ogre closely misses you.
The two-headed ogre completely misses you.
You feel ready to blink again.
The two-headed ogre hits you with a +0 giant spiked club!
You die...

### ### ##.###.##
##...#...##
#..#.#.#..#
#..#(#o#.@#
#..#####O.#
####..#.#..####
#..##.....##..#
....##...##....
......#...#.....
..##..##.##..##.
#..####..#.#..####
#..#).#..#.#..#.$#


You could see a two-headed ogre.

Vanquished Creatures
  Grinder (Sewer)
  Prince Ribbit (D:5)
  Sigmund (D:4)
  A steam dragon (D:8)
  Menkaure (D:4)
  2 sky beasts (D:6)
  A black bear (D:7)
  2 ogres
  2 centaurs
  3 kobold brigands
  A necrophage (Sewer)
  2 bullfrogs
  4 scorpions
  A crimson imp (D:5)
  A jelly (D:4)
  3 hounds
  An orc priest (D:4)
  2 sleepcaps (D:6)
  A gnoll bouda (D:7)
  2 iguanas
  Terence (D:2)
  Natasha (thrice) (D:3)
  5 orc wizards
  Robin (D:2)
  15 gnolls
  8 adders
  5 shadow imps
  A white imp (D:5)
  3 ufetubi
  2 worms
  3 dart slugs
  10 orcs
  7 ball pythons
  A bat zombie (Sewer)
  9 endoplasms
  7 giant cockroaches
  14 goblins
  10 hobgoblins
  6 jackals
  27 kobolds
  4 quokkas
  8 bats
  4 frilled lizards
  6 rats
193 creatures vanquished.

Vanquished Creatures (collateral kills)
  A wight (Sewer)
1 creature vanquished.

Grand Total: 194 creatures vanquished

Notes
Turn   | Place    | Note
-------+----------+-------------------------------------------
     0 | D:1      | pokeman the Deep Elf Hedge Wizard began the quest for the
                  | Orb.
     0 | D:1      | Reached XP level 1. HP: 10/10 MP: 7/7
   406 | D:1      | Reached XP level 2. HP: 13/16 MP: 5/9
  1146 | D:1      | Reached skill level 5 in Spellcasting
  1368 | D:2      | Reached XP level 3. HP: 18/20 MP: 3/11
  1388 | D:2      | Learned a level 3 spell: Mephitic Cloud
  1391 | D:2      | Learned a level 2 spell: Call Imp
  1394 | D:2      | Learned a level 2 spell: Blink
  1446 | D:2      | Noticed Robin
  1467 | D:2      | Killed Robin
  1468 | D:2      | Reached skill level 1 in Armour
  1717 | D:2      | Reached skill level 1 in Fighting
  1974 | D:2      | Reached XP level 4. HP: 25/25 MP: 11/13
  2174 | D:2      | Noticed Terence
  2186 | D:2      | Killed Terence
  2511 | D:2      | Found a faded altar of an unknown god.
  2759 | D:3      | Reached skill level 6 in Spellcasting
  2860 | D:3      | You fall into a shaft and drop 2 floors!
  2860 | D:5      | Entered Level 5 of the Dungeon
  2873 | D:5      | Noticed Prince Ribbit
  2898 | D:5      | Killed Prince Ribbit
  2899 | D:5      | Reached skill level 1 in Air Magic
  2899 | D:5      | Reached XP level 5. HP: 9/29 MP: 14/16
  2899 | D:5      | Reached XP level 6. HP: 11/34 MP: 14/17
  2922 | D:5      | Reached skill level 7 in Spellcasting
  3037 | D:5      | Found Nuughooff's Antique Weapon Boutique.
  3126 | D:5      | Found a glowing drain.
  3158 | Sewer    | Entered a sewer
  3462 | Sewer    | Reached XP level 7. HP: 17/38 MP: 0/20
  3684 | Sewer    | Reached skill level 1 in Necromancy
  3684 | Sewer    | Reached skill level 1 in Poison Magic
  3757 | Sewer    | Found an ancient bone altar of Kikubaaqudgha.
  3771 | Sewer    | Reached skill level 8 in Spellcasting
  3861 | Sewer    | Noticed Grinder
  3888 | Sewer    | Killed Grinder
  4166 | D:4      | Noticed Sigmund
  4166 | D:4      | Found Yfurghuota's Magic Scroll Shop.
  4169 | D:4      | Noticed Menkaure
  4180 | D:4      | Killed Sigmund
  4181 | D:4      | Reached skill level 9 in Spellcasting
  4181 | D:4      | Reached XP level 8. HP: 37/44 MP: 20/23
  4201 | D:4      | Killed Menkaure
  4333 | D:4      | Found Buelyeb's Book Shoppe.
  4447 | D:4      | Bought a scroll of teleportation for 39 gold pieces
  4447 | D:4      | Bought a scroll of identify for 26 gold pieces
  4447 | D:4      | Bought a scroll of blinking for 97 gold pieces
  4663 | D:4      | Found Imaymiun's Book Boutique.
  4689 | D:3      | Learned a level 4 spell: Iskenderun's Mystic Blast
  4695 | D:3      | Learned a level 5 spell: Freezing Cloud
  4703 | D:3      | Learned a level 7 spell: Orb of Destruction
  4714 | D:3      | Reached skill level 5 in Conjurations
  4721 | D:3      | Found Tiugg's Distillery.
  5051 | D:3      | Noticed Natasha
  5057 | D:3      | Killed Natasha
  5602 | D:3      | Noticed Natasha
  5613 | D:3      | Killed Natasha
  5845 | D:3      | Noticed Natasha
  5856 | D:3      | Killed Natasha
  5905 | D:4      | Found Ycreth's Antique Armour Shop.
  5916 | D:4      | Reached skill level 1 in Ice Magic
  6123 | D:4      | Found Coosoceo's Magic Scroll Emporium.
  6177 | D:4      | Bought a scroll of revelation for 82 gold pieces
  6556 | D:5      | Reached skill level 10 in Spellcasting
  6745 | D:5      | Found a staircase to the Ecumenical Temple.
  6755 | Temple   | Entered the Ecumenical Temple
  6796 | Temple   | Became a worshipper of Vehumet
  7052 | D:5      | Reached skill level 1 in Evocations
  7520 | D:6      | Reached XP level 9. HP: 51/51 MP: 21/25
  7691 | D:6      | Reached skill level 11 in Spellcasting
  7950 | D:6      | Learned a level 4 spell: Flame Wave
  8633 | D:7      | Reached skill level 5 in Necromancy
  8792 | D:7      | Reached * piety under Vehumet
  8792 | D:7      | Offered knowledge of Sandblast by Vehumet.
  8964 | D:7      | Found a shadowy altar of Dithmenos.
  9003 | D:7      | Reached skill level 1 in Fire Magic
  9651 | D:8      | Noticed a two-headed ogre
  9667 | D:8      | HP: 2/52 [two-headed ogre/+0 giant spiked club (17)]
  9685 | D:8      | Slain by a two-headed ogre

Illustrated notes

Levels and vault maps discovered:
D:1:      psy_arrival_whirlpool, layout_basic
D:2:      layout_loops_ring, ebering_ecumenical_altar_box,
          corexii_item_surrounded_by_moat, serial_bayou_pond_a, uniq_terence,
          uniq_robin
D:3:      layout_basic, serial_shops,
          nicolae_shop_temple_entry_statues_fountains, uniq_natasha
D:4:      layout_basic, serial_shops, shop, nicolae_diamond_shop,
          nicolae_shop_tiny_waterfront, nicolae_book_shop_shelving,
          nicolae_shop_waterfront, minmay_misc_feat_tiny,
          corexii_hall_statues_i, abandoned_shop, uniq_menkaure, uniq_sigmund
D:5:      layout_basic, minmay_temple_entry_butterflies, serial_shops,
          nicolae_stop_n_shop_1, mainiacjoe_sewer_entry_somewhere_in_here_1,
          minmay_fire_ice_demons, uniq_prince_ribbit1
D:6:      layout_layer_cave, minmay_misc_feat_roman, grunt_ministairs_13
D:7:      layout_loops_ring, nicolae_dithmenos_shadow_blocks
D:8:      layout_gridville, minmay_puff, uniq_amaemon, uniq_grum, uniq_jeremiah
Temple:   mainiacjoe_temple_archimedes_tessellation

Skill      XL: |  1  2  3  4  5  6  7  8  9 |
---------------+----------------------------+-----
Spellcasting   | 5 6 7 9 10 11 | 11.8
Armour         | 1 |  1.0
Conjurations   | 2 3 4 5 6 |  6.4
Fighting       | 1 2 3 4 |  4.1
Stealth        | 3 |  3.0
Dodging        | 3 4 |  4.0
Air Magic      | 1 2 |  2.0
Necromancy     | 2 4 5 |  5.0
Poison Magic   | 1 |  1.0
Ice Magic      | 1 |  1.0
Evocations     | 1 |  1.2
Fire Magic     | 1 |  1.9
Summonings     | |  1.1
Translocations | |  1.1

Action                     |  1- 3 |  4- 6 |  7- 9 || total
---------------------------+-------+-------+-------++-------
  Melee: Dagger            |     2 |    59 |   135 ||   196
         Whip              |    31 |       |       ||    31
         Punch             |       |     2 |     3 ||     5
   Cast: Magic Dart        |   101 |    82 |   205 ||   388
         Mephitic Cloud    |     2 |     7 |    27 ||    36
         Blink             |       |     2 |     5 ||     7
         Call Imp          |       |     2 |     3 ||     5
         Flame Wave        |       |       |     7 ||     7
         Iskenderun's Myst |       |       |     5 ||     5
   Stab: Sleeping          |       |     1 |       ||     1
         Confused          |       |     2 |    10 ||    12
 Armour: Robe              |    28 |    39 |    79 ||   146
  Dodge: Dodged            |    32 |    62 |   103 ||   197

Table legend: (Time is in decaauts)
 A = Elapsed time spent in this place.
 B = Non-inter-level travel time spent in this place.
 C = Inter-level travel time spent in this place.
 D = Time resting spent in this place.
 E = Time spent auto-exploring this place.
 F = Levels seen in this place.
 G = Mean time per level.
                   A        B        C        D        E       F      G
               +--------+--------+--------+--------+--------+-----+--------+
         Total |   9705 |   9276 |    429 |      8 |   7357 |  10 |  970.5 |
       Dungeon |   8645 |   8296 |    349 |      8 |   6593 |   8 | 1080.6 |
        Temple |     82 |      2 |     80 |      0 |      0 |   1 |   82.0 |
         Sewer |    977 |    977 |      0 |      0 |    764 |   1 |  977.0 |
               +--------+--------+--------+--------+--------+-----+--------+

Top non-repeatable levels by time:
     D:3: 1472 daAuts
     D:1: 1320 daAuts
     D:2: 1259 daAuts
     D:6: 1222 daAuts
     D:4: 1128 daAuts
     D:7: 1099 daAuts
     D:5: 1080 daAuts
   Sewer: 977 daAuts
  Temple: 82 daAuts
     D:8: 62 daAuts
